BSA
BOSTON REBELS @ BAFFIN ISLAND BEAVERS
08/06/2028
 
TOP OF THE 1ST
Boston Rebels batting - Pitching for Baffin Island Beavers : RHP Luis Vargas
Pitching: RHP Luis Vargas
Batting: RHB George Reeves 0-0: SINGLE (Groundball, 6MD)
Batting: LHB Bill Wilson 0-0: Called Strike
0-1: Fly out, F3 (Line Drive, 34S)
Batting: LHB Lorenzo Flores 0-0: Ball
1-0: Called Strike
1-1: SINGLE (Groundball, 34D)
George Reeves to second
Runner from 2nd tries for 3rd, SAFE, throw made to third
Batting: LHB Miguel Rivería 0-0: Called Strike
0-1: Foul Ball, location: 2F
0-2: Strikes out swinging
Batting: LHB Felipe Guerrero 0-0: Called Strike
0-1: Swinging Strike
0-2: Foul Ball, location: 2F
0-2: Ball
1-2: Foul Ball, location: 2F
1-2: Fielders Choice at 2nd, 4-6 (Groundball, 4)
Top of the 1st over - 0 run(s), 2 hit(s), 0 error(s), 1 left on base; Boston 0 - Baffin Island 0
BOTTOM OF THE 1ST
Baffin Island Beavers batting - Pitching for Boston Rebels : RHP Ramón Estrada
Pitching: RHP Ramón Estrada
Batting: LHB Sammy Marshall 0-0: Foul Ball, location: 2F
0-1: Fly out, F8 (Flyball, 78S)
Batting: LHB Norberto Muñóz 0-0: Called Strike
0-1: Fly out, F7 (Flyball, 7D)
Batting: RHB Dave Craig 0-0: Ball
1-0: Swinging Strike
1-1: Ball
2-1: Ball
3-1: Base on Balls
Batting: LHB Chris Bates 0-0: Called Strike
0-1: Ground out 3-1 (Groundball, 34S)
Bottom of the 1st over - 0 run(s), 0 hit(s), 0 error(s), 1 left on base; Boston 0 - Baffin Island 0
TOP OF THE 2ND
Boston Rebels batting - Pitching for Baffin Island Beavers : RHP Luis Vargas
Batting: LHB Arturo Molina 0-0: Foul Ball, location: 2F
0-1: Called Strike
0-2: Strikes out looking
Batting: LHB Frank Jackson 0-0: Called Strike
0-1: Ball
1-1: Ball
2-1: Swinging Strike
2-2: Strikes out swinging
Batting: RHB Alberto Ramos 0-0: Called Strike
0-1: Foul Ball, location: 2F
0-2: Ball
1-2: Fly out, F2 (Popup, 34S)
Top of the 2nd over - 0 run(s), 0 hit(s), 0 error(s), 0 left on base; Boston 0 - Baffin Island 0
BOTTOM OF THE 2ND
Baffin Island Beavers batting - Pitching for Boston Rebels : RHP Ramón Estrada
Batting: LHB Lorenzo Villa 0-0: Ball
1-0: Called Strike
1-1: Called Strike
1-2: Fly out, F8 (Flyball, 78D)
Batting: RHB José Aguilera 0-0: Foul Ball, location: 2F
0-1: Ball
1-1: Foul Ball, location: 2F
1-2: Ground out 5-3 (Groundball, 56S)
Batting: LHB Mike MacFadden 0-0: Ball
1-0: Ball
2-0: Ball
3-0: Base on Balls
Batting: RHB Alden Isenhood 0-0: Foul Ball, location: 2F
0-1: Fly out, F8 (Line Drive, 89M)
Bottom of the 2nd over - 0 run(s), 0 hit(s), 0 error(s), 1 left on base; Boston 0 - Baffin Island 0
TOP OF THE 3RD
Boston Rebels batting - Pitching for Baffin Island Beavers : RHP Luis Vargas
Batting: RHB Ángel Garza 0-0: Swinging Strike
0-1: Ball
1-1: Ground out 3-1 (Groundball, 34)
Batting: RHB George Reeves 0-0: Called Strike
0-1: Ball
1-1: Ball
2-1: Ball
3-1: Foul Ball, location: 2F
3-2: DOUBLE (Line Drive, 7LM)
Batting: LHB Bill Wilson 0-0: Called Strike
Throwing error on steal attempt, E2
George Reeves scores
0-1: Ball
1-1: DOUBLE (Line Drive, 7LS)
Batting: LHB Lorenzo Flores 0-0: Called Strike
0-1: Called Strike
0-2: Strikes out looking
Batting: LHB Miguel Rivería 0-0: Called Strike
0-1: Fly out, F9 (Flyball, 9LD)
Top of the 3rd over - 1 run(s), 2 hit(s), 1 error(s), 1 left on base; Boston 1 - Baffin Island 0
BOTTOM OF THE 3RD
Baffin Island Beavers batting - Pitching for Boston Rebels : RHP Ramón Estrada
Batting: RHB Ángelo García 0-0: Fly out, F8 (Flyball, 8RM)
Batting: LHB Sammy Marshall 0-0: Ball
1-0: Ground out 4-3 (Groundball, 34)
Batting: LHB Norberto Muñóz 0-0: Swinging Strike
0-1: Ball
1-1: Called Strike
1-2: SINGLE (Line Drive, 9S)
Batting: RHB Dave Craig 0-0: Ball
1-0: Called Strike
1-1: Foul Ball, location: 2F
1-2: Fielders Choice at 2nd, 4-6 (Groundball, 4)
Bottom of the 3rd over - 0 run(s), 1 hit(s), 0 error(s), 0 left on base; Boston 1 - Baffin Island 0
TOP OF THE 4TH
Boston Rebels batting - Pitching for Baffin Island Beavers : RHP Luis Vargas
Batting: LHB Felipe Guerrero 0-0: Ball
1-0: Ground out 6-3 (Groundball, 6)
Batting: LHB Arturo Molina 0-0: Ball
1-0: Ball
2-0: Foul Ball, location: 2F
2-1: Fly out, F6 (Popup, 6M)
Batting: LHB Frank Jackson 0-0: Called Strike
0-1: Ball
1-1: Fly out, F8 (Flyball, 8RD)
Top of the 4th over - 0 run(s), 0 hit(s), 0 error(s), 0 left on base; Boston 1 - Baffin Island 0
BOTTOM OF THE 4TH
Baffin Island Beavers batting - Pitching for Boston Rebels : RHP Ramón Estrada
Batting: LHB Chris Bates 0-0: Ball
1-0: Ball
2-0: Foul Ball, location: 2F
2-1: Ball
3-1: Base on Balls
Batting: LHB Lorenzo Villa 0-0: Called Strike
0-1: Ball
Chris Bates is caught stealing 2nd base
1-1: Ball
2-1: Ball
3-1: SINGLE (Groundball, 34D)
Batting: RHB José Aguilera 0-0: Ball
1-0: Called Strike
1-1: Swinging Strike
1-2: Ball
2-2: SINGLE (Groundball, 34D)
Lorenzo Villa to second
Runner from 2nd tries for 3rd, SAFE, throw made to third
Batting: LHB Mike MacFadden 0-0: Swinging Strike
0-1: Ball
1-1: Ball
2-1: Foul Ball, location: 2F
2-2: Foul Ball, location: 2F
2-2: Foul Ball, location: 2F
2-2: Foul Ball, location: 2F
2-2: Strikes out swinging
Batting: RHB Alden Isenhood 0-0: Ball
1-0: Called Strike
1-1: Called Strike
1-2: Foul Ball, location: 2F
1-2: Reached on error, E5 (Groundball, 5L)
Lorenzo Villa scores
José Aguilera to second
Batting: RHB Ángelo García 0-0: Ball
1-0: Ball
2-0: Ball
3-0: Called Strike
3-1: Base on Balls
José Aguilera to third
Alden Isenhood to second
Batting: LHB Sammy Marshall 0-0: SINGLE (Groundball, 4D)
José Aguilera scores
Alden Isenhood to third
Ángelo García to second
Runner from 3rd tries for Home, SAFE, throw made home
Ángelo García to third
Sammy Marshall to second
Batting: LHB Norberto Muñóz 0-0: Ball
1-0: Called Strike
1-1: Foul Ball, location: 2F
1-2: Ball
Passed Ball!
Ángelo García scores
Sammy Marshall to third
2-2: Ball
3-2: Fly out, F9 (Flyball, 9D)
Bottom of the 4th over - 4 run(s), 3 hit(s), 1 error(s), 1 left on base; Boston 1 - Baffin Island 4
TOP OF THE 5TH
Boston Rebels batting - Pitching for Baffin Island Beavers : RHP Luis Vargas
Batting: RHB Alberto Ramos 0-0: Ground out 5-3 (Groundball, 56)
Batting: RHB Ángel Garza 0-0: Ball
1-0: Fly out, F9 (Flyball, 9)
Batting: RHB George Reeves 0-0: Ball
1-0: Foul Ball, location: 2F
1-1: Called Strike
1-2: Strikes out swinging
Top of the 5th over - 0 run(s), 0 hit(s), 0 error(s), 0 left on base; Boston 1 - Baffin Island 4
BOTTOM OF THE 5TH
Baffin Island Beavers batting - Pitching for Boston Rebels : RHP Ramón Estrada
Batting: RHB Dave Craig 0-0: Ball
1-0: Ball
2-0: Called Strike
2-1: SINGLE (Flyball, 9LS)
Batting: LHB Chris Bates 0-0: Called Strike
0-1: Reached on error, E5 (Groundball, 56)
Dave Craig to second
Batting: LHB Lorenzo Villa 0-0: SINGLE (Groundball, 34D)
Dave Craig to third
Chris Bates to second
Batting: RHB José Aguilera 0-0: Called Strike
0-1: Foul Ball, location: 2F
0-2: Strikes out swinging
Batting: LHB Mike MacFadden 0-0: Foul Ball, location: 2F
0-1: Swinging Strike
0-2: Strikes out swinging
Batting: RHB Alden Isenhood 0-0: Ball
1-0: Fielders Choice at 2nd, 6-4 (Groundball, 6)
Bottom of the 5th over - 0 run(s), 2 hit(s), 1 error(s), 2 left on base; Boston 1 - Baffin Island 4
TOP OF THE 6TH
Boston Rebels batting - Pitching for Baffin Island Beavers : RHP Luis Vargas
Batting: LHB Bill Wilson 0-0: Ball
1-0: Ball
2-0: Called Strike
2-1: Called Strike
2-2: Ground out 4-3 (Groundball, 4)
Batting: LHB Lorenzo Flores 0-0: Ball
1-0: Swinging Strike
1-1: Swinging Strike
1-2: Ball
2-2: SINGLE (Groundball, 34D)
Batting: LHB Miguel Rivería 0-0: Called Strike
0-1: Fly out, F4 (Line Drive, 4)
Lined into DP, 4-3 (Line Drive, 4)
Top of the 6th over - 0 run(s), 1 hit(s), 0 error(s), 0 left on base; Boston 1 - Baffin Island 4
BOTTOM OF THE 6TH
Baffin Island Beavers batting - Pitching for Boston Rebels : RHP Ramón Estrada
Batting: RHB Ángelo García 0-0: Called Strike
0-1: Ground out 1-3 (Groundball, P)
Batting: LHB Sammy Marshall 0-0: Ball
1-0: Ground out 3-1 (Groundball, 34)
Batting: LHB Norberto Muñóz 0-0: Ball
1-0: Called Strike
1-1: Foul Ball, location: 2F
1-2: SINGLE (Line Drive, 78M)
Batting: RHB Dave Craig 0-0: Ball
1-0: Called Strike
1-1: Ball
2-1: Ball
3-1: Called Strike
3-2: SINGLE (Groundball, 6D)
Norberto Muñóz to second
Norberto Muñóz to third
Batting: LHB Chris Bates 0-0: Called Strike
0-1: Fielders Choice at 2nd, 6-4 (Groundball, 6)
Bottom of the 6th over - 0 run(s), 2 hit(s), 0 error(s), 1 left on base; Boston 1 - Baffin Island 4
TOP OF THE 7TH
Boston Rebels batting - Pitching for Baffin Island Beavers : RHP Luis Vargas
Batting: LHB Felipe Guerrero 0-0: Ball
1-0: Called Strike
1-1: Fly out, F7 (Flyball, 7LS)
Batting: LHB Arturo Molina 0-0: Called Strike
0-1: Called Strike
0-2: Ball
1-2: Strikes out swinging
Batting: LHB Frank Jackson 0-0: Ball
1-0: Ball
2-0: Foul Ball, location: 2F
2-1: Swinging Strike
2-2: Ball
3-2: Base on Balls
Batting: RHB Alberto Ramos 0-0: Called Strike
Frank Jackson steals 2nd base
0-1: Ball
1-1: SINGLE (Groundball, 6MD)
Frank Jackson to third
Runner from 3rd tries for Home, SAFE, no throw
Pitching: LHP Jaime Guzmán
Batting: RHB Ángel Garza 0-0: Foul Ball, location: 2F
0-1: Foul Ball, location: 2F
0-2: Ball
1-2: Foul Ball, location: 2F
1-2: Ball
2-2: Foul Ball, location: 2F
2-2: Ball
3-2: Strikes out looking
Top of the 7th over - 1 run(s), 1 hit(s), 0 error(s), 1 left on base; Boston 2 - Baffin Island 4
BOTTOM OF THE 7TH
Baffin Island Beavers batting - Pitching for Boston Rebels : RHP Ramón Estrada
Pitching: LHP Joseph Byrne
Batting: LHB Lorenzo Villa 0-0: Called Strike
0-1: Ball
1-1: Fly out, F5 (Popup, 5)
Batting: RHB José Aguilera 0-0: Called Strike
0-1: Ball
1-1: Swinging Strike
1-2: Strikes out swinging
Batting: LHB Mike MacFadden 0-0: Fly out, F8 (Flyball, 8RS)
Bottom of the 7th over - 0 run(s), 0 hit(s), 0 error(s), 0 left on base; Boston 2 - Baffin Island 4
TOP OF THE 8TH
Boston Rebels batting - Pitching for Baffin Island Beavers : LHP Jaime Guzmán
Batting: RHB George Reeves 0-0: Ball
1-0: Foul Ball, location: 2F
1-1: Called Strike
1-2: Fly out, F9 (Flyball, 89M)
Batting: LHB Bill Wilson 0-0: Called Strike
0-1: Ball
1-1: Foul Ball, location: 2F
1-2: Strikes out swinging
Batting: LHB Lorenzo Flores 0-0: Ball
1-0: Ball
2-0: Ball
3-0: Base on Balls
Pitching: LHP Cecil Bonekamp
Pinch Runner at 1st Roberto Chávez:
Batting: LHB Miguel Rivería 0-0: Ball
1-0: Foul Ball, location: 2F
1-1: Foul Ball, location: 2F
1-2: Strikes out swinging
Top of the 8th over - 0 run(s), 0 hit(s), 0 error(s), 1 left on base; Boston 2 - Baffin Island 4
BOTTOM OF THE 8TH
Baffin Island Beavers batting - Pitching for Boston Rebels : LHP Joseph Byrne
Now in LF: Roberto Chávez
Batting: RHB Alden Isenhood 0-0: DOUBLE (Line Drive, 78M)
Batting: RHB Ángelo García 0-0: Called Strike
0-1: Ball
1-1: Swinging Strike
1-2: Ball
2-2: Strikes out looking
Batting: LHB Sammy Marshall 0-0: Fly out, F7 (Flyball, 7D)
Runner from 2nd tags up, SAFE at 3rd, no throw
Batting: LHB Norberto Muñóz 0-0: Called Strike
0-1: Ball
1-1: Called Strike
1-2: SINGLE (Flyball, 78S)
Alden Isenhood scores
Batting: RHB Dave Craig 0-0: Ball
1-0: Called Strike
1-1: Ball
2-1: Fielders Choice at 2nd, 4-6 (Groundball, 4)
Bottom of the 8th over - 1 run(s), 2 hit(s), 0 error(s), 0 left on base; Boston 2 - Baffin Island 5
TOP OF THE 9TH
Boston Rebels batting - Pitching for Baffin Island Beavers : LHP Cecil Bonekamp
Pitching: LHP Brent Miller
Batting: LHB Felipe Guerrero 0-0: SINGLE (Groundball, 34D)
Batting: LHB Arturo Molina 0-0: Swinging Strike
0-1: Ball
1-1: Ball
2-1: Ball
3-1: Called Strike
3-2: Fly out, F3 (Popup, 4S)
Batting: LHB Frank Jackson 0-0: Called Strike
0-1: Called Strike
0-2: Ball
1-2: Strikes out swinging
Batting: RHB Alberto Ramos 0-0: Foul Ball, location: 2F
0-1: Foul Ball, location: 2F
0-2: Ball
1-2: Foul Ball, location: 2F
1-2: Foul Ball, location: 2F
1-2: Strikes out swinging
Top of the 9th over - 0 run(s), 1 hit(s), 0 error(s), 1 left on base; Boston 2 - Baffin Island 5
Tuesday, August 8th, 2017 - OOTP Baseball 17.12 Build 75